 Dungeon Sprint DCSS version 0.21.1-1-g345015f (webtiles) character file.

27717 sanboga the Executioner (level 13, 0/98 HPs)
             Began as a Gargoyle Monk on Mar 19, 2018.
             Was the Champion of Trog.
             Slain by a vault guard
             ... wielding a +0 halberd
              (10 damage)
             ... in the Dungeon (Sprint V: "Ziggurat Sprint").
             The game lasted 00:07:17 (1396 turns).

sanboga the Executioner (Gargoyle Monk)             Turns: 1396, Time: 00:07:18

Health: 0/98       AC: 42    Str: 33    XL:     13   Next: 34%
Magic:  13/13      EV: 10    Int: 10    God:    Trog [******]
Gold:   0          SH:  2    Dex: 12    Spells: 12/12 levels left

rFire    . . .     SeeInvis .   x - +8 frozen axe "Frostbite" {freezing cloud, *Noise +Fly rC+}
rCold    + . .     Gourm    .   (shield currently unavailable)
rNeg     + . .     Faith    .   a - +15 Maxwell's patent armour {-Cast -Tele rElec MR+ rCorr}
rPois    ∞         Spirit   .   (no helmet)
rElec    +         Reflect  +   (no cloak)
rCorr    +         Harm     .   (no gloves)
MR       +....     NoTele   +   (no boots) Stlth ..........NoCast +
                                y - +2 amulet of reflection
HPRegen  0.26/turn              A - +6 ring of strength
MPRegen  0.13/turn              B - +6 ring of strength

@: berserk cooldown, slowed, very slow
A: negative energy resistance 1, electricity resistance, unbreathing,
petrification resistance, rot immunity, AC +9
a: Berserk, Trog's Hand, Brothers in Arms, Burn Spellbooks, Renounce Religion,
Evoke Flight


You were in the Dungeon.
You worshipped Trog.
Trog was exalted by your worship.
You were not hungry.

You visited 1 branch

Inventory:

Hand Weapons
 x - the +8 frozen axe "Frostbite" (weapon) {freezing cloud, *Noise +Fly rC+}
   (You took it off a merfolk in the Dungeon)

   It has been specially enchanted to freeze those struck by it, causing extra
   injury to most foes and up to half again as much damage against particularly
   susceptible opponents.
   It can also slow down cold-blooded creatures.
   It protects you from cold.
   It lets you fly.
   It may make noises in combat.
Armour
 a - the +15 Maxwell's patent armour (worn) {-Cast -Tele rElec MR+ rCorr}
   (You found it in the Dungeon)

   It insulates you from electricity.
   It affects your resistance to hostile enchantments.
   It prevents spellcasting.
   It prevents most forms of teleportation.
   It protects you from acid and corrosion.
 b - the +2 cloak of the Thief (quivered) {+Fog Slay-2 SInv Stlth+}
   (You found it in the Dungeon)

   It affects your accuracy and damage with ranged weapons and melee attacks
   (-2).
   It lets you see invisible.
   It makes you more stealthy.
Jewellery
 y - a +2 amulet of reflection (around neck)
 z - a +2 ring of intelligence
 A - a +6 ring of strength (left hand)
 B - a +6 ring of strength (right hand)
Wands
 g - a wand of disintegration (7)
 u - a wand of iceblast (7)
 v - a wand of acid (7)
Scrolls
 i - 4 scrolls of blinking
 j - 2 scrolls of brand weapon
 k - 7 scrolls of fog
 l - a scroll of holy word
 m - 5 scrolls of identify
 n - 4 scrolls of remove curse
 o - 2 scrolls of fear
Potions
 d - 10 potions of curing
 e - 14 potions of heal wounds
 f - 6 potions of haste
 h - 3 potions of berserk rage
 p - 2 potions of invisibility
 q - 4 potions of resistance
 r - a potion of experience
 s - 5 potions of agility
 t - 5 potions of might
Miscellaneous
 w - a phantom mirror
 C - a phial of floods
Comestibles
 c - 5 rations


   Skills:
 + Level 18.3 Fighting
 * Level 21.0 Axes
 + Level 18.1 Armour
 - Level 2.4 Dodging
 - Level 2.1 Stealth


You had 12 spell levels left.
You didn't know any spells.

Dungeon Overview and Level Annotations

Branches:
Dungeon (1/1)

Altars:
Ashenzari
Cheibriados
Dithmenos
Elyvilon
Fedhas
Gozag
Hepliaklqana
Kikubaaqudgha
Makhleb
Nemelex Xobeh
Okawaru
Qazlal
Ru
Sif Muna
Trog
Uskayaw
Vehumet
Wu Jian
Xom
Yredelemnul
Zin
The Shining One
Beogh
Jiyva
Lugonu

Annotations:
D 1 transporter


Innate Abilities, Weirdness & Mutations

You are resistant to torment.
Your stone body is resilient. (AC +9)
You are immune to poison.
You resist negative energy. (rN+)
You are resistant to electric shocks. (rElec)
You can survive without breathing.
You are immune to petrification.
You are immune to rotting.


Message History

The shadow dragon bites you but does no damage.
The shadow dragon claws you but does no damage. x2
The vault guard hits you but does no damage.
You barely miss the shadow dragon.
You hear the howling winds of a squall.
The shadow dragon is almost dead.
The vault guard hits you from afar with a halberd!
* * * LOW HITPOINT WARNING * * *
You slash the shadow dragon!
You kill the shadow dragon!
Trog accepts your kill.
Your life force feels restored.
Your Axes skill increases to level 21!
Your Armour skill increases to level 18!
The vault guard hits you but does no damage.
You are no longer berserk.
You are exhausted.
You feel yourself slow down.
The vault guard hits you with a halberd!
You die...

▓.▓.....▓.
▓....8©8....▓....©....
▓..)[[|[}[..▓▓▓▓▓▓▓▓▓▓
▓...)):}:...▓...8©8...
▓...........▓..)=.==..
▓...........▓.....)...
▓...........▓.........
▓...p.)p....▓.........
▓)@)..▓ ▓...)))...
▓▓)§.▓▓ ▓....))...
▓..▓..)..▓..▓.▓..(..▓.
▓....(©.....▓(...©....
▓▓▓▓▓▓▓▓▓▓▓▓▓▓▓▓▓▓▓▓▓▓
▓...8©8...▓...8©8...▓.
▓....|.|..▓..))..)..▓.
▓...}.|...▓..?)))...▓.
▓.........▓.........▓.


You could see 2 vault guards.

Vanquished Creatures
  A lich (D)
  A death cob (D)
  A shadow dragon (D)
  A vampire knight (D)
  2 stone giants (D)
  A black draconian (D)
  2 deep elf annihilators (D)
  5 vault guards (D)
  A yaktaur captain (D)
  A dancing weapon (D)
  A deep elf knight (D)
  3 deep elf archers (D)
  3 deep elf magi (D)
  A cyclops (D)
  A draconian (D)
  An eye of devastation (D)
  2 yaktaurs (D)
  11 merfolk (D)
  2 hornets (D)
  3 slime creatures (D)
  3 hippogriffs (D)
  3 spriggans (D)
  2 vampires (D)
  2 golden eyes (D)
  6 black bears (D)
  5 wolves (D)
  6 centaurs (D)
  2 scorpions (D)
  A jelly (D)
  A bat skeleton (D)
  A bat zombie (D)
  A quokka skeleton (D)
77 creatures vanquished.

Vanquished Creatures (collateral kills)
  A vampire mage (D)
  A skeletal warrior (D)
  A draconian (D)
  3 merfolk (D)
  A black bear (D)
  A necrophage (D)
  2 wights (D)
10 creatures vanquished.

Grand Total: 87 creatures vanquished

Notes
Turn   | Place    | Note
-------+----------+-------------------------------------------
     0 | D        | Found the +6 Majin-Bo {vamp, Archmagi MP+6 Int+6}
     0 | D        | Found the +7 great mace "Firestarter" {inner flame, rF++}
     0 | D        | sanboga the Gargoyle Monk began the quest for the Orb.
     0 | D        | Reached XP level 1. HP: 14/14 MP: 1/1
     2 | D        | Found a blossoming altar of Fedhas.
     3 | D        | Found a viscous altar of Jiyva.
     3 | D        | Found a hazy altar of Hepliaklqana.
     3 | D        | Found a transporter.
     3 | D        | Found an opulent altar of Gozag.
     3 | D        | Found an ancient bone altar of Kikubaaqudgha.
     3 | D        | Found a corrupted altar of Lugonu.
     7 | D        | Found a burning altar of Makhleb.
     8 | D        | Found a sacrificial altar of Ru.
     8 | D        | Found a stormy altar of Qazlal.
     8 | D        | Found a deep blue altar of Sif Muna.
     8 | D        | Found an iron altar of Okawaru.
     8 | D        | Found a bloodstained altar of Trog.
     8 | D        | Found a sparkling altar of Nemelex Xobeh.
    42 | D        | Found the +9 heavy crossbow "Sniper" {velocity, Acc+∞ SInv}
    42 | D        | Found the +10 dark maul {crush}
    42 | D        | Found the +15 Maxwell's patent armour {-Cast -Tele rElec MR+ rCorr}
    42 | D        | Found the +18 shield of the Gong {rElec rN+ MR+ EV-5}
    42 | D        | Found the cursed +14 obsidian axe {chop, +Fly SInv *Curse}
    49 | D        | Found the +6 shillelagh "Devastator" {shatter}
    49 | D        | Found the +11 plutonium sword {*Contam Stlth-}
    49 | D        | Found the +8 lance "Wyrmbane" {slay drac, rPois rF+ rC+ AC+3}
    49 | D        | Found the +9 sword of Zonguldrok {reap}
    49 | D        | Found the cursed +13 scythe of Curses {drain, *Curse}
    49 | D        | Found the +0 sword of Power
    49 | D        | Found the +7 mace of Variability {chaos}
    49 | D        | Found the +7 Singing Sword
    49 | D        | Found the +7 longbow "Piercer" {penet, EV-2}
    63 | D        | Became a worshipper of Trog the Wrathful
    63 | D        | Reached * piety under Trog
    63 | D        | Reached ** piety under Trog
    85 | D        | Entered arena 2.
    85 | D        | Noticed a scorpion
    85 | D        | Noticed a scorpion
    85 | D        | Found a transporter.
    89 | D        | Killed a scorpion
    89 | D        | Reached skill level 5 in Fighting
    89 | D        | Reached skill level 5 in Axes
    89 | D        | Reached XP level 2. HP: 21/21 MP: 2/2
    89 | D        | Reached XP level 3. HP: 26/26 MP: 3/3
    93 | D        | Killed a scorpion
    93 | D        | Reached skill level 6 in Axes
    93 | D        | Reached XP level 4. HP: 31/32 MP: 4/4
    94 | D        | Reached *** piety under Trog
    99 | D        | Entered arena 3.
    99 | D        | Noticed a merfolk
    99 | D        | Noticed a merfolk
    99 | D        | Noticed a merfolk
    99 | D        | Found a transporter.
   106 | D        | Killed a merfolk
   106 | D        | Reached skill level 8 in Axes
   106 | D        | Reached XP level 5. HP: 39/39 MP: 5/5
   106 | D        | Reached XP level 6. HP: 44/44 MP: 6/6
   106 | D        | Killed a merfolk
   106 | D        | Reached skill level 10 in Axes
   106 | D        | Reached XP level 7. HP: 50/50 MP: 7/7
   110 | D        | Killed a merfolk
   110 | D        | Reached **** piety under Trog
   162 | D        | Entered arena 4.
   162 | D        | Noticed a draconian
   162 | D        | Noticed a black draconian
   162 | D        | Noticed a death cob
   162 | D        | Noticed a draconian
   162 | D        | Found a transporter.
   167 | D        | Killed a death cob
   167 | D        | Reached skill level 13 in Axes
   167 | D        | Reached XP level 8. HP: 43/60 MP: 8/8
   167 | D        | Reached XP level 9. HP: 46/65 MP: 9/9
   170 | D        | Killed a draconian
   171 | D        | Killed a draconian
   171 | D        | Reached skill level 14 in Axes
   173 | D        | Killed a black draconian
   173 | D        | Reached ***** piety under Trog
   173 | D        | Reached XP level 10. HP: 38/72 MP: 10/10
   378 | D        | Entered arena 5.
   378 | D        | Found a transporter.
   389 | D        | Received a gift from Trog
   389 | D        | Reached skill level 15 in Axes
   398 | D        | Entered arena 6.
   398 | D        | Found a transporter.
   404 | D        | Received a gift from Trog
   447 | D        | Entered arena 7.
   452 | D        | Reached ****** piety under Trog
   456 | D        | Found a transporter.
   457 | D        | Received a gift from Trog
   467 | D        | Entered arena 8.
   467 | D        | Noticed a cyclops
   479 | D        | Found a transporter.
   484 | D        | Reached skill level 16 in Axes
   485 | D        | Killed a cyclops
   485 | D        | Reached XP level 11. HP: 41/80 MP: 11/11
   661 | D        | Received a gift from Trog
   666 | D        | Entered arena 9.
   667 | D        | Found a transporter.
   732 | D        | Received a gift from Trog
   869 | D        | Entered arena 10.
   873 | D        | Found a transporter.
   880 | D        | Received a gift from Trog
   881 | D        | Reached skill level 17 in Axes
   884 | D        | Reached skill level 15 in Fighting
   993 | D        | Entered arena 11.
   993 | D        | Noticed a spriggan rider
   993 | D        | Noticed a spriggan rider
   994 | D        | Found the +2 cloak of the Thief {+Fog Slay-2 SInv Stlth+}
   994 | D        | Found a transporter.
   999 | D        | Received a gift from Trog
  1003 | D        | Received a gift from Trog
  1003 | D        | Reached skill level 15 in Armour
  1068 | D        | Received a gift from Trog
  1071 | D        | Got a dazzling executioner's axe {god gift}
  1072 | D        | Identified the +6 executioner's axe of Wariness {distort, Int+5 Stlth+} (Trog gifted it to you in the Dungeon)
  1084 | D        | Entered arena 12.
  1084 | D        | Noticed a hand axe of chopping
  1084 | D        | Noticed a deep elf archer
  1084 | D        | Noticed a deep elf knight
  1084 | D        | Noticed a deep elf mage
  1084 | D        | Noticed a deep elf annihilator
  1085 | D        | Noticed a deep elf mage
  1085 | D        | Noticed a deep elf annihilator
  1085 | D        | Noticed a deep elf archer
  1085 | D        | Noticed a deep elf mage
  1086 | D        | Noticed a deep elf archer
  1086 | D        | Found a transporter.
  1088 | D        | Killed a hand axe of chopping
  1088 | D        | Received a gift from Trog
  1088 | D        | Identified the +6 dire flail of Gluttony {freeze, +Blink rPois MR- Stlth+}
  1089 | D        | Killed a deep elf annihilator
  1089 | D        | Reached skill level 18 in Axes
  1090 | D        | Killed a deep elf knight
  1093 | D        | Killed a deep elf mage
  1093 | D        | Reached XP level 12. HP: 88/88 MP: 12/12
  1095 | D        | Received a gift from Trog
  1096 | D        | Killed a deep elf annihilator
  1100 | D        | Received a gift from Trog
  1107 | D        | Reached skill level 19 in Axes
  1304 | D        | Entered arena 13.
  1304 | D        | Noticed a vampire mage
  1304 | D        | Noticed a vampire knight
  1308 | D        | Received a gift from Trog
  1311 | D        | Received a gift from Trog
  1312 | D        | Killed a vampire knight
  1315 | D        | Killed a vampire mage
  1315 | D        | Received a gift from Trog
  1316 | D        | Found a transporter.
  1370 | D        | Entered arena 14.
  1371 | D        | Noticed a vault guard
  1371 | D        | Noticed a yaktaur captain
  1371 | D        | Noticed a stone giant
  1371 | D        | Noticed a vault guard
  1371 | D        | Noticed a stone giant
  1371 | D        | Noticed a vault guard
  1372 | D        | Noticed a shadow dragon
  1372 | D        | Noticed a vault guard
  1372 | D        | Noticed a lich
  1373 | D        | Noticed a vault guard
  1374 | D        | Noticed a hell beast
  1374 | D        | Noticed a vault guard
  1374 | D        | Noticed a vault guard
  1375 | D        | Found a transporter.
  1379 | D        | Killed a vault guard
  1380 | D        | Killed a stone giant
  1384 | D        | Killed a vault guard
  1385 | D        | Killed a lich
  1385 | D        | Reached skill level 20 in Axes
  1387 | D        | Killed a vault guard
  1387 | D        | Received a gift from Trog
  1387 | D        | Reached XP level 13. HP: 42/97 MP: 13/13
  1388 | D        | Killed a yaktaur captain
  1388 | D        | Killed a stone giant
  1388 | D        | Killed a vault guard
  1390 | D        | Killed a vault guard
  1395 | D        | Killed a shadow dragon
  1395 | D        | Reached skill level 21 in Axes
  1396 | D        | Slain by a vault guard

Skill      XL: |  1  2  3  4  5  6  7  8  9 10 11 12 13 |
---------------+----------------------------------------+-----
Fighting       | 5 7 8 11 12 14 15 17 18 | 18.3
Axes           | 5 6 8 10 13 14 16 18 20 21 | 21.0
Armour         | 3 4 6 8 11 12 13 15 17 18 | 18.1
Dodging        | |  2.4
Stealth        | |  2.1

Action                   |  1- 3 |  4- 6 |  7- 9 | 10-12 | 13-15 || total
-------------------------+-------+-------+-------+-------+-------++-------
Melee: Broad axe         |     6 |     4 |    11 |    27 |       ||    48
       Executioner's axe |       |       |       |    58 |     8 ||    66
Invok: Berserk           |       |     1 |     1 |     4 |       ||     6
       Burn Spellbooks   |       |     1 |       |     6 |       ||     7
       Brothers in Arms  |       |       |       |     1 |       ||     1
  Use: Scroll            |       |       |       |     1 |       ||     1
  Eat: Ration            |       |       |       |     2 |       ||     2
       Chunk             |       |       |       |     2 |       ||     2
Armor: Plate armour      |     7 |     8 |    16 |   175 |    16 ||   222
Dodge: Dodged            |     5 |     2 |     7 |    86 |     2 ||   102
Block: Other             |       |       |       |     3 |     1 ||     4
